 Seeded DCSS version 0.30.1-5-ged363bc7ee (webtiles) character file.

Game seed: 6351066067085065685 (custom seed)

14180 Esekla the Eclecticist (level 11, -1/62 HPs)
             Began as a Deep Elf Wanderer on Sept 19, 2023.
             Was a High Priest of Vehumet.
             Hit by a large rock thrown by a cyclops (21 damage)
             ... on level 11 of the Dungeon.
             The game lasted 01:49:06 (10978 turns).

Esekla the Eclecticist (Deep Elf Wanderer)         Turns: 10978, Time: 01:49:07

Health: -1/62      AC:  9    Str: 11    XL:     11   Next: 85%
Magic:  16/41      EV: 13    Int: 23    God:    Vehumet [*****.]
Gold:   709        SH:  4    Dex: 11    Spells: 12/40 levels left

rFire   . . .        a - +5 scimitar
rCold   . . .        d - +0 buckler
rNeg    . . .        g - +0 steam dragon scales
rPois   .            N - +1 helmet
rElec   .            E - +0 cloak
rCorr   .            j - +0 pair of gloves
SInv    .            (no boots)
Will    +....        B - amulet of magic regeneration
Stlth   ++           M - ring of magical power
HPRegen 0.30/turn    (no ring)
MPRegen 0.67/turn

%: no passive effects
@: studying Fighting
A: no striking features
a: Renounce Religion


You were on level 11 of the Dungeon.
You worshipped Vehumet.
Vehumet was extremely pleased with you.
You visited 1 branch of the dungeon, and saw 11 of its levels.
You also visited: Bailey.

You collected 709 gold pieces.

Inventory:

Hand Weapons
 a - a +5 scimitar (weapon)
 r - a +4 trident of venom
 s - the +5 rapier of the Hero {heavy, rN+ Dex+3}
   (You found it on level 3 of the Dungeon)

   Dex:       It affects your dexterity (+3).
   rN:        It protects you from negative energy.
 v - a +2 rapier of venom
Missiles
 w - 38 poisoned darts (quivered)
 J - 5 boomerangs
 K - 6 curare-tipped darts
Armour
 d - a +0 buckler (worn)
 g - +0 steam dragon scales (worn)
 j - a +0 pair of gloves (worn)
 E - a +0 cloak (worn)
 N - a +1 helmet (worn)
Jewellery
 k - an amulet of reflection
 l - a ring of ice
 B - an amulet of magic regeneration (around neck)
 M - a ring of magical power (left hand)
Wands
 h - a wand of roots (11)
 y - a wand of digging (9)
 C - a wand of flame (9)
 G - a wand of mindburst (7)
Scrolls
 m - 4 scrolls of enchant weapon {unknown}
 n - 2 scrolls of amnesia
 o - a scroll of enchant armour
 p - 3 scrolls of acquirement
 q - 5 scrolls of blinking {unknown}
 t - 2 scrolls of fog {unknown}
 z - a scroll of silence
 A - a scroll of magic mapping
 D - 3 scrolls of fear
 F - 2 scrolls of poison {unknown}
 H - 2 scrolls of teleportation
 I - 3 scrolls of noise {unknown}
Potions
 b - 3 potions of lignification
 c - a potion of cancellation {unknown}
 e - 3 potions of ambrosia
 f - 6 potions of attraction {unknown}
 i - 8 potions of curing
 u - 4 potions of haste
 x - 3 potions of brilliance
 L - 2 potions of heal wounds
 O - a potion of degeneration {unknown}
 P - a potion of magic {unknown}


   Skills:
 * Level 4.6 Fighting
 * Level 2.5(2.9) Short Blades
 + Level 1.7(2.3) Long Blades
 + Level 2.3 Throwing
 * Level 6.6 Dodging
 + Level 3.3 Stealth
 + Level 3.3 Shields
 * Level 15.2 Spellcasting
 * Level 6.9 Conjurations
 * Level 9.4 Necromancy
 + Level 4.4 Translocations
 * Level 3.3 Transmutations
 * Level 4.0 Fire Magic
 * Level 3.7 Poison Magic
 + Level 1.0 Invocations
 + Level 1.0 Evocations


You had 12 spell levels left.
You knew the following spells:

 Your Spells              Type           Power      Damage    Failure   Level
a - Magic Dart            Conj           100%       1d8       1%          1
b - Blink                 Tloc           76%        N/A       1%          2
d - Vampiric Draining     Necr           57%        2d10      1%          3
e - Searing Ray           Conj           98%        2d8       1%          2
f - Fireball              Conj/Fire      21%        3d10      4%          5
k - Iskenderun's Mystic   Conj/Tloc      43%        2d10      1%          4
n - Ignite Poison         Fire/Tmut/Pois 34%        N/A       1%          3
p - Apportation           Tloc           76%        N/A       1%          1
t - Teleport Other        Tloc           38%        N/A       2%          3
y - Sticky Flame          Conj/Fire      42%        2d6       1%          4

Your spell library contained the following spells:

 Spells                   Type           Power      Damage    Failure   Level
 Lesser Beckoning         Tloc           76%        N/A       1%          2
 Gell's Gravitas          Tloc           38%        N/A       2%          3
 Spider Form              Tmut/Pois      33%        N/A       3%          3
 Cause Fear               Hex            8%         N/A       43%         4
 Summon Mana Viper        Hex/Summ       17%        N/A       78%         5


Dungeon Overview and Level Annotations

Branches:
Dungeon (11/15)            Temple (0/1) D:6             Orc (0/2) D:10
 Bailey (visited)
   Lair: D:8-11

Altars:
Dithmenos
Fedhas
Hepliaklqana
Nemelex Xobeh
Okawaru
Qazlal
Ru
Trog
Uskayaw
Vehumet
Zin
The Shining One

Shops:
D:2 =   D:4 (


Message History

Press: ? - help, Shift-Dir - straight line, f - wyvern, p - orc wizard
Aim: a wyvern (heavily wounded, covered in liquid flames)
You draw life force from the wyvern!
You kill the wyvern!
Vehumet accepts your kill.
You feel your power returning.
You feel life coursing into your body. The orc wizard closely misses you.
Casting: Vampiric Draining (safe; 1% risk of failure)
Confirm with . or Enter, or press ? or * to list all spells.
Aiming: Vampiric Draining (safe; 1% risk of failure)
Press: ? - help, Shift-Dir - straight line, f - orc wizard
Aim: an orc wizard, wielding a +0 dagger and wearing a +0 robe (severely wounded)
You draw life force from the orc wizard!
You kill the orc wizard!
Vehumet accepts your kill.
You feel your power returning.
You feel life coursing into your body.
Items here: ! ) [ †.
Casting: Vampiric Draining (safe; 1% risk of failure)
Confirm with . or Enter, or press ? or * to list all spells.
Aiming: Searing Ray (safe; 1% risk of failure)
Press: ? - help, Shift-Dir - straight line, f - ogre
Aim: an ogre, wielding a +0 giant club (92% to hit)
The searing ray hits the ogre.
The ogre is lightly wounded. (Press . to maintain the ray.)
The searing ray hits the ogre!
The ogre is heavily wounded.
Casting: Searing Ray (safe; 1% risk of failure)
Confirm with . or Enter, or press ? or * to list all spells.
You erupt in a blast of force!
The mystic blast hits the ogre!
The ogre is almost dead.
Casting: Iskenderun's Mystic Blast (dangerous; 1% risk of failure)
Confirm with . or Enter, or press ? or * to list all spells.
You erupt in a blast of force!
The mystic blast hits the ogre!
You kill the ogre!
Vehumet accepts your kill.
You feel your power returning.
You miss something. Something hits you but does no damage.
The cyclops throws a large rock.
The large rock hits you!!
You die...

.### #.
####....##.§.§#.....
..~. ###((.#
.###..... # ###
##((.#####.......
..##†(#...#...).##..
#
#...†)......#)######
# ..>.≈.†.~~..#.#
#.....~~~...#.#
###.~~~~~~..#.#
.~.######@.≈~~~~..#.#
.~..C..))..~≈~≈~....#
.~.#.####...~~~...#.#
#.~~........#
#...........#
#######....## ######


You could see a cyclops.

Vanquished Creatures
  2 two-headed ogres
  Lodul (D:11)
  Pikel (D:6)
  2 orc knights (Bailey)
  2 cyclopes (D:9)
  Joseph (D:7)
  Psyche (D:11)
  A kobold demonologist (D:9)
  A polar bear (D:11)
  3 trolls
  2 centaur simulacra (D:11)
  9 yaks (D:10)
  2 steam dragons
  3 wyverns
  Menkaure (D:7)
  4 ice beasts
  A sky beast (D:6)
  9 orc warriors
  2 black bears
  4 ogres
  2 centaurs
  4 wolves
  A phantom (D:7)
  Blork the orc (D:6)
  4 kobold brigands
  4 gnoll sergeants
  2 bullfrogs
  2 scorpions (D:5)
  10 wights
  21 killer bees
  2 howler monkeys (D:10)
  2 quasits (D:8)
  2 gnoll boudas
  6 hounds
  A jelly (D:6)
  Crazy Yiuf (D:7)
  8 orc priests
  A sleepcap (D:5)
  5 iguanas
  11 orc wizards
  29 gnolls
  9 adders
  3 shadow imps (D:8)
  9 white imps
  4 ufetubi
  A worm (D:4)
  3 dart slugs
  57 orcs
  4 endoplasms
  9 goblins
  7 hobgoblins
  A quokka (D:1)
  6 ball pythons
  4 bats
  4 frilled lizards
  21 kobolds
  A rat (D:2)
314 creatures vanquished.

Vanquished Creatures (others)
  A gnoll (D:9)
1 creature vanquished.

Grand Total: 315 creatures vanquished

Notes
Turn   | Place    | Note
-------+----------+-------------------------------------------
     0 | D:1      | Esekla the Deep Elf Wanderer began the quest for the Orb.
     0 | D:1      | Esekla set off with the following items: a +0 club, a
                  | potion of lignification, a +0 robe, a +0 buckler; and the
                  | following spells available to memorise: Apportation, Blink,
                  | Lesser Beckoning, Magic Dart, Ignite Poison, Vampiric
                  | Draining.
     0 | D:1      | Reached XP level 1. HP: 10/10 MP: 7/7
     2 | D:1      | Learned a level 1 spell: Magic Dart
     4 | D:1      | Learned a level 1 spell: Apportation
   205 | D:2      | Found Renulab's Jewellery Shop.
   382 | D:4      | Found a radiant altar of Vehumet.
   394 | D:4      | Found an iron altar of Okawaru.
   407 | D:4      | Found a glowing silver altar of Zin.
   492 | D:4      | Became a worshipper of Vehumet
   569 | D:4      | Found Ponaysk's Antique Weapon Boutique.
   763 | D:3      | Reached XP level 2. HP: 15/15 MP: 5/9
   766 | D:3      | Learned a level 2 spell: Blink
   963 | D:3      | Identified the +5 rapier of the Hero {heavy, rN+ Dex+3}
  1048 | D:2      | Reached skill level 5 in Spellcasting
  1133 | D:1      | Reached XP level 3. HP: 19/19 MP: 6/11
  1147 | D:1      | Learned a level 3 spell: Vampiric Draining
  1289 | D:1      | Reached * piety under Vehumet
  1289 | D:1      | Offered knowledge of Sandblast by Vehumet.
  1306 | D:1      | Reached skill level 1 in Necromancy
  1542 | D:1      | Learned a level 3 spell: Teleport Other
  1562 | D:1      | Reached skill level 1 in Dodging
  1621 | D:2      | Found a faded altar of an unknown god.
  1665 | D:2      | Reached skill level 1 in Conjurations
  1665 | D:2      | Reached XP level 4. HP: 16/24 MP: 4/13
  1755 | D:2      | Noticed a black bear
  1780 | D:2      | Reached skill level 6 in Spellcasting
  2018 | D:3      | Found a stormy altar of Qazlal.
  2067 | D:3      | Reached XP level 5. HP: 25/28 MP: 10/16
  2106 | D:3      | Found a hazy altar of Hepliaklqana.
  2106 | D:3      | Found a bloodstained altar of Trog.
  2232 | D:3      | Reached skill level 1 in Short Blades
  2412 | D:2      | Killed a black bear
  2413 | D:2      | Reached skill level 7 in Spellcasting
  2753 | D:4      | Reached XP level 6. HP: 32/32 MP: 16/18
  2848 | D:4      | Found a glowing golden altar of the Shining One.
  2881 | D:4      | Reached ** piety under Vehumet
  2881 | D:4      | Offered knowledge of Kiss of Death by Vehumet.
  3005 | D:5      | Entered Level 5 of the Dungeon
  3008 | D:5      | Got the Parchment of the Lumpy Olives
  3023 | D:5      | Found a shadowy altar of Dithmenos.
  3504 | D:5      | Reached XP level 7. HP: 36/36 MP: 17/20
  3670 | D:5      | Reached skill level 8 in Spellcasting
  3812 | D:4      | Upgraded the game from 0.30.1-4-g462c640d31 to
                  | 0.30.1-5-ged363bc7ee
  3883 | D:5      | Offered knowledge of Searing Ray by Vehumet.
  3887 | D:5      | Learned a level 2 spell: Searing Ray
  4253 | D:6      | Found a staircase to the Ecumenical Temple.
  4294 | D:6      | Reached skill level 9 in Spellcasting
  4502 | D:6      | Noticed Pikel
  4526 | D:7      | Found a runed translucent door.
  4527 | D:7      | Noticed Crazy Yiuf
  4537 | D:7      | Killed Crazy Yiuf
  4538 | D:7      | Reached XP level 8. HP: 11/41 MP: 8/23
  4718 | D:7      | Reached *** piety under Vehumet
  4738 | D:7      | Noticed Menkaure
  4744 | D:7      | Killed Menkaure
  5078 | D:6      | Reached skill level 10 in Spellcasting
  5194 | D:7      | Noticed Joseph
  5212 | D:7      | Reached skill level 5 in Necromancy
  5215 | D:7      | Killed Joseph
  5265 | D:7      | Offered knowledge of Sticky Flame by Vehumet.
  5272 | D:7      | Reached skill level 11 in Spellcasting
  5272 | D:7      | Reached XP level 9. HP: 41/45 MP: 21/26
  5477 | D:6      | Reached skill level 1 in Throwing
  5849 | D:8      | Noticed a two-headed ogre
  5889 | D:6      | Killed Pikel
  5890 | D:6      | Reached skill level 5 in Dodging
  5890 | D:6      | Reached skill level 1 in Evocations
  6097 | D:6      | Found a blossoming altar of Fedhas.
  6104 | D:6      | Reached skill level 12 in Spellcasting
  6192 | D:6      | Noticed Blork the orc
  6197 | D:6      | Killed Blork the orc
  6197 | D:6      | Reached **** piety under Vehumet
  6534 | D:5      | Learned a level 4 spell: Sticky Flame
  6917 | D:8      | Offered knowledge of Fireball by Vehumet.
  6927 | D:8      | Learned a level 5 spell: Fireball
  7202 | D:8      | Learned a level 3 spell: Ignite Poison
  7252 | D:8      | Found a transporter.
  7252 | D:8      | Found a transporter.
  7253 | D:8      | Found a transporter.
  7284 | D:8      | Found a transporter.
  7491 | D:8      | Found a hide-covered altar of Uskayaw.
  7885 | D:9      | Found a flagged portal.
  7888 | D:9      | Reached XP level 10. HP: 45/50 MP: 28/28
  7911 | Bailey   | Entered a bailey
  7933 | Bailey   | Reached skill level 13 in Spellcasting
  8039 | Bailey   | Reached skill level 1 in Fire Magic
  8046 | Bailey   | Reached ***** piety under Vehumet
  8105 | Bailey   | Identified the +2 bardiche of Puhoisos {heavy, rElec
                  | Stlth+}
  8277 | Bailey   | Noticed an orc knight
  8277 | Bailey   | Noticed an orc knight
  8426 | Bailey   | Killed an orc knight
  8427 | Bailey   | Reached skill level 5 in Conjurations
  8616 | Bailey   | Killed an orc knight
  8717 | D:9      | Noticed a two-headed ogre
  8721 | D:9      | Killed a two-headed ogre
  8771 | D:9      | Found a sparkling altar of Nemelex Xobeh.
  8961 | D:9      | Offered knowledge of Iskenderun's Mystic Blast by Vehumet.
  8967 | D:9      | Learned a level 4 spell: Iskenderun's Mystic Blast
  8990 | D:9      | Reached skill level 1 in Transmutations
  8990 | D:9      | Reached skill level 1 in Poison Magic
  9062 | D:9      | Reached skill level 14 in Spellcasting
  9381 | D:9      | Noticed a cyclops
  9411 | D:9      | Killed a cyclops
  9506 | D:9      | Noticed a cyclops
  9518 | D:9      | Reached XP level 11. HP: 58/58 MP: 31/31
  9579 | D:10     | Entered Level 10 of the Dungeon
  9621 | D:10     | Found a staircase to the Orcish Mines.
  9706 | D:10     | Reached skill level 1 in Long Blades
 10197 | D:11     | Noticed Lodul
 10206 | D:11     | Killed Lodul
 10631 | D:10     | Found a sacrificial altar of Ru.
 10861 | D:11     | Reached skill level 15 in Spellcasting
 10894 | D:11     | Noticed Psyche
 10895 | D:11     | Noticed a two-headed ogre
 10900 | D:11     | Killed Psyche
 10907 | D:11     | Killed a two-headed ogre
 10978 | D:11     | Hit by a large rock thrown by a cyclops

Illustrated notes

Levels and vault maps discovered:
D:1:      sevenhm_arrival_forest_fort_small_3, layout_rooms,
          chequers_serial_rivers_room_b, minmay_misc_feat_five
D:2:      layout_loops_ring, dreamdust_ecumenical_altar_angels_and_demons,
          serial_shops, shop
D:3:      layout_basic, grunt_temple_overflow_open, minmay_misc_feat_iff
D:4:      layout_basic, nicolae_overflow_quartered_altars, serial_shops,
          nicolae_diamond_shop
D:5:      layout_loops_ring, lemuel_doored_altar, minmay_misc_feat_rows,
          dreamdust_wishing_well
D:6:      layout_loops_cross, fedhas_altar_fruit_tree,
          minmay_temple_entry_glass, uniq_pikel, uniq_blork_the_orc
D:7:      layout_basic, uniq_menkaure, uniq_joseph, uniq_crazy_yiuf_cottage
D:8:      layout_basic, nicolae_uskayaw_dance_hall, serial_demonic,
          serial_demonic_d, serial_demonic_a, serial_demonic_c,
          serial_demonic_c, nicolae_diode_quadrants
D:9:      layout_irregular_city, kennysheep_little_box, enter_bailey_4,
          minmay_between, uniq_harold
D:10:     layout_basic, nicolae_ru_awakened_eye
D:11:     layout_rooms, hellmonk_lair_entry_icy, serial_ice, serial_ice_j,
          serial_ice_m, serial_ice_o, serial_ice_c, serial_ice_g, serial_ice_f,
          guppyfry_shop_earth, uniq_psyche, uniq_lodul

Skill      XL: |  1  2  3  4  5  6  7  8  9 10 11 |
---------------+----------------------------------+-----
Spellcasting   | 5 6 7 9 11 12 14 15 | 15.2
Necromancy     | 1 2 3 6 7 8 9 |  9.4
Dodging        | 1 2 3 4 5 6 |  6.6
Conjurations   | 1 2 3 4 5 6 |  6.9
Short Blades   | 1 2 |  2.5
Stealth        | 2 3 |  3.3
Translocations | 3 4 |  4.4
Shields        | 2 3 |  3.3
Throwing       | 1 2 |  2.3
Evocations     | 1 |  1.0
Fire Magic     | 3 4 |  4.0
Fighting       | 2 4 |  4.6
Transmutations | 1 3 |  3.3
Poison Magic   | 2 3 |  3.7
Long Blades    | 1 |  1.7
Invocations    | |  1.0

Action                     |  1- 3 |  4- 6 |  7- 9 | 10-12 || total
---------------------------+-------+-------+-------+-------++-------
  Melee: Short sword       |    12 |    31 |       |       ||    43
         Rapier            |    26 |    31 |    42 |     5 ||   104
         Scimitar          |       |       |    19 |    70 ||    89
  Throw: Dart              |     3 |    12 |    11 |    59 ||    85
         Boomerang         |       |       |       |     6 ||     6
   Cast: Apportation       |    26 |    23 |    30 |    60 ||   139
         Magic Dart        |    41 |    43 |    17 |     6 ||   107
         Vampiric Draining |     2 |    12 |    55 |    82 ||   151
         Blink             |     1 |     2 |       |     4 ||     7
         Searing Ray       |       |       |    53 |    26 ||    79
         Teleport Other    |       |       |     2 |       ||     2
         Sticky Flame      |       |       |     3 |    20 ||    23
         Ignite Poison     |       |       |       |    10 ||    10
         Iskenderun's Myst |       |       |       |     7 ||     7
         Fireball          |       |       |       |    32 ||    32
  Evoke: Wand              |       |       |    12 |     3 ||    15
    Use: Scroll            |     1 |       |    10 |     4 ||    15
         Potion            |       |       |     1 |     3 ||     4
   Stab: Sleeping          |     4 |     5 |     3 |     1 ||    13
 Armour: Robe              |    24 |    14 |    36 |    15 ||    89
         Steam dragon scal |       |       |       |    45 ||    45
  Dodge: Dodged            |    47 |    35 |   106 |   158 ||   346
  Block: Buckler           |     8 |    12 |    35 |    66 ||   121
